 Dungeon Crawl Stone Soup version 0.26-a0-1060-g086102a3f0 (webtiles) character file.

Game seed: 6163681958469927888

1 streetpizza the Grave Robber (level 1, -4/13 HPs)
             Began as a Demonspawn Wanderer on Dec 13, 2020.
             Slain by an ooze (5 damage)
             ... on level 1 of the Dungeon.
             The game lasted 00:02:24 (176 turns).

streetpizza the Grave Robber (Demonspawn Wanderer)   Turns: 176, Time: 00:02:24

Health: -4/13      AC:  2    Str: 10    XL:     1   Next: 16%
Magic:  2/2        EV: 11    Int: 14    God:
Gold:   13         SH:  0    Dex: 13    Spells: 2/2 levels left

rFire    . . .     SeeInvis .   a - +0 dagger
rCold    . . .     Faith    .   (no shield)
rNeg     . . .     Spirit   .   d - +0 robe
rPois    .         Reflect  .   (no helmet)
rElec    .         Harm     .   (no cloak)
rCorr    .         Rampage  .   (no gloves)
Will     .....                  (no boots)
Stlth    ++........             (no amulet)
HPRegen  0.04/turn              (no ring)
MPRegen  0.08/turn              (no ring)

@: no status effects
A: no striking features
a: no special abilities


You were on level 1 of the Dungeon.
You visited 1 branch of the dungeon, and saw 1 of its levels.

You collected 13 gold pieces.

Inventory:

Hand Weapons
 a - a +0 dagger (weapon)
Armour
 d - a +0 robe (worn)


   Skills:
 + Level 0.0 Fighting
 + Level 0.0 Dodging
 - Level 1.7 Stealth
 + Level 1.0 Spellcasting
 + Level 3.3 Necromancy
 + Level 2.7 Fire Magic
 - Level 1.0 Poison Magic


You had 2 spell levels left.
You didn't know any spells.
Your spell library contained the following spells:

 Spells                   Type           Power        Failure   Level
 Animate Skeleton         Necr           ##....       7%          1
 Foxfire                  Conj/Fire      #...         16%         1
 Sting                    Tmut/Pois      #...         22%         1
 Poisonous Vapours        Pois/Air       #.....       32%         2
 Vampiric Draining        Necr           ##........   21%         3
 Ignite Poison            Fire/Tmut/Pois #.......     43%         3
 Mephitic Cloud           Conj/Pois/Air  #.......     56%         3
 Stone Arrow              Conj/Erth      #.....       61%         3
 Olgreb's Toxic Radiance  Pois           #.......     86%         4


Dungeon Overview and Level Annotations

Branches:
Dungeon (1/15)

Altars:


Message History

You hit the ooze.
The ooze is almost dead.
The ooze hits you.
* * * LOW HITPOINT WARNING * * *
There is a large open door here.
The ooze jiggles.
There is a large open door here.
There is an open door here.
There is an open door here.
There is a large open door here.
There is a large open door here.
The ooze jiggles.
There is a large open door here.
There is a large open door here.
The ooze hits you.
* * * LOW HITPOINT WARNING * * *
You hit the ooze but do no damage.
The ooze is severely wounded.
The ooze hits you.
You die...

## ## #≈♣≈ #######
####8####8...<# #≈#
+.....J@'.....# #≈#
##8#'#8##8...8# #≈# #+#
###'######'### #≈#
#.##♣♣.....♣♣##.# #≈♣
8.#♣≈.......≈♣#.8 #≈#
#.8#.........#8.#≈
##≈###.##...≈♣≈...##.###
#..''..++...♣8♣...++..
#.≈###.##...≈♣≈...##.#


You could see an ooze.

Vanquished Creatures
  A giant cockroach zombie (D:1)
  A jackal zombie (D:1)
2 creatures vanquished.

Notes
Turn   | Place    | Note
-------+----------+-------------------------------------------
     0 | D:1      | streetpizza the Demonspawn Wanderer began the quest for the
                  | Orb.
     0 | D:1      | streetpizza set off with the following items: a +0 dagger,
                  | a +0 robe; and the following spells available to memorise:
                  | Animate Skeleton, Foxfire, Sting, Poisonous Vapours,
                  | Vampiric Draining, Ignite Poison, Mephitic Cloud, Stone
                  | Arrow, Olgreb's Toxic Radiance
     0 | D:1      | Reached XP level 1. HP: 13/13 MP: 2/2
   176 | D:1      | Slain by an ooze

Illustrated notes

Levels and vault maps discovered:
D:1:      saegor_arrival_fortress, layout_basic

Action                   || total
-------------------------++-------
Melee: Dagger            ||    24
Armor: Robe              ||     3
Dodge: Dodged            ||    11

Table legend: (Time is in decaauts)
 A = Elapsed time spent in this place.
 B = Non-inter-level travel time spent in this place.
 C = Inter-level travel time spent in this place.
 D = Time resting spent in this place.
 E = Time spent auto-exploring this place.
 F = Levels seen in this place.
 G = Mean time per level.
                   A        B        C        D        E       F      G
               +--------+--------+--------+--------+--------+-----+--------+
         Total |    176 |    176 |      0 |      0 |    103 |   1 |  176.0 |
       Dungeon |    176 |    176 |      0 |      0 |    103 |   1 |  176.0 |
               +--------+--------+--------+--------+--------+-----+--------+

Top non-repeatable levels by time:
     D:1: 176 daAuts
